 Dungeon Crawl Stone Soup version 0.21.1-1-g345015fe64 (webtiles) character file.

368 Gargoyl the Chopper (level 6, -1/52 HPs)
             Began as a Centaur Abyssal Knight on Mar 28, 2018.
             Was a Believer of Lugonu.
             Slain by a scorpion (7 damage)
             ... on level 4 of the Dungeon.
             The game lasted 00:05:35 (3002 turns).

Gargoyl the Chopper (Centaur Abyssal Knight)        Turns: 3002, Time: 00:05:36

Health: -1/52      AC:  7    Str: 14    XL:     6   Next: 41%
Magic:  8/8        EV:  7    Int: 11    God:    Lugonu [**....]
Gold:   157        SH:  4    Dex: 11    Spells: 5/5 levels left

rFire    . . .     SeeInvis .   d - +1 broad axe
rCold    . . .     Gourm    .   m - +1 buckler
rNeg     . . .     Faith    .   n - +0 scale mail
rPois    .         Spirit   .   (no helmet)
rElec    .         Reflect  .   (no cloak)
rCorr    .         Harm     .   o - +0 pair of gloves
MR       .....                  (no barding)
Stlth    ..........             h - amulet of magic regeneration
HPRegen  0.17/turn              (no ring)
MPRegen  0.36/turn              (no ring)

@: very quick
A: large, hooves 3, deformed body, speed 2, tough skin 3
a: Depart the Abyss, Bend Space, Renounce Religion


You were on level 4 of the Dungeon.
You worshipped Lugonu.
Lugonu was pleased with you.
You were not hungry.

You visited 1 branch of the dungeon, and saw 5 of its levels.
You visited the Abyss 1 time.

You collected 157 gold pieces.

Inventory:

Hand Weapons
 a - a +1 hand axe
 d - a +1 broad axe (weapon)
Missiles
 s - 3 tomahawks (quivered)
Armour
 m - a +1 buckler (worn)
 n - a +0 scale mail (worn)
 o - a +0 pair of gloves (worn)
Jewellery
 b - an uncursed ring of flight
 h - an amulet of magic regeneration (around neck)
Wands
 f - a wand of acid (10)
 r - a wand of digging (11)
Scrolls
 e - 3 scrolls of remove curse
 g - a scroll of magic mapping {unknown}
 i - a scroll of teleportation
 j - a scroll of enchant armour
 k - 5 scrolls of identify
 l - a scroll of amnesia {unknown}
 t - a scroll of immolation {unknown}
 u - a scroll of noise {unknown}
Potions
 p - a potion of curing
 v - a potion of brilliance {unknown}
Comestibles
 c - 6 rations
 q - 2 chunks of flesh


   Skills:
 + Level 3.8 Fighting
 + Level 3.9 Axes
 * Level 2.5 Armour
 + Level 1.3 Dodging
 + Level 0.8 Shields
 * Level 3.6 Invocations
 + Level 0.1 Evocations


You had 5 spell levels left.
You didn't know any spells.

Dungeon Overview and Level Annotations

Branches:
Dungeon (5/15)
 Temple: D:4-7

Altars:
Nemelex Xobeh

Shops:
D:4 ([(


Innate Abilities, Weirdness & Mutations

You have hooves in place of feet.
Armour fits poorly on your strangely shaped body.
You cover ground very quickly.
You have extremely tough skin. (AC +3)


Message History

There is a stone staircase leading down here.
You feel better. The howler monkey hits you.
* * * LOW HITPOINT WARNING * * *
The scorpion completely misses you.
Unknown command.
You hit the scorpion but do no damage. Your kick misses the scorpion.
The scorpion is severely wounded.
You hit the howler monkey. The howler monkey hits you.
* * * LOW HITPOINT WARNING * * *
You block the scorpion's attack.
The howler monkey hits you but does no damage.
You barely miss the scorpion.
The scorpion is severely wounded.
You hit the howler monkey.
The howler monkey hoots and howls with incredible vigour!
The scorpion stings you.
* * * LOW HITPOINT WARNING * * *
The howler monkey hits you but does no damage.
The scorpion stings you!
You die...

######## ##..^...## ##........##
#..........# #..s.......#
#..@.......# #.h........#
######### #..........#
##.......######........##########
...#####...∩.....................
...# #######..........######...
...### #..........# #... .....#
#..........# #...
...#.#########.....)....# #...


You could see a scorpion and a howler monkey.

Vanquished Creatures
  2 ogres (D:4)
  Ijyb (D:4)
  A worker ant (D:5)
  An iguana (D:4)
  6 adders
  2 worms
  A dart slug (D:1)
  5 leopard geckos
  2 ball pythons
  A giant cockroach (D:1)
  7 goblins
  4 hobgoblins
  2 jackals (D:1)
  5 kobolds
  12 bats
  2 frilled lizards (D:3)
  11 rats
65 creatures vanquished.

Notes
Turn   | Place    | Note
-------+----------+-------------------------------------------
     0 | Abyss:1  | Gargoyl the Centaur Abyssal Knight began the quest for the Orb.
     0 | Abyss:1  | Reached XP level 1. HP: 19/19 MP: 2/2
    50 | Abyss:2  | Noticed a blink frog
    62 | Abyss:2  | Noticed a worldbinder
    64 | D:1      | Escaped the Abyss
   204 | D:1      | Reached * piety under Lugonu
   210 | D:1      | Reached XP level 2. HP: 19/26 MP: 3/3
  1193 | D:2      | Reached XP level 3. HP: 28/31 MP: 5/5
  2090 | D:3      | Reached XP level 4. HP: 36/38 MP: 6/6
  2091 | D:3      | Reached ** piety under Lugonu
  2513 | D:4      | Noticed an ogre
  2515 | D:4      | Killed an ogre
  2515 | D:4      | Reached XP level 5. HP: 45/45 MP: 7/7
  2527 | D:4      | Found Obreonn's Armour Shop.
  2581 | D:4      | Noticed an ogre
  2584 | D:4      | Killed an ogre
  2584 | D:4      | Reached skill level 1 in Dodging
  2584 | D:4      | Reached XP level 6. HP: 52/52 MP: 8/8
  2650 | D:4      | Found Desacw's Antique Weapon Shop.
  2719 | D:4      | Found Bofuituu's Antique Weapon Boutique.
  2726 | D:4      | Noticed Ijyb
  2743 | D:4      | Killed Ijyb
  2904 | D:4      | Found a sparkling altar of Nemelex Xobeh.
  2979 | D:5      | Entered Level 5 of the Dungeon
  3002 | D:4      | Slain by a scorpion

Skill      XL: |  1  2  3  4  5 |
---------------+----------------+-----
Axes           | 2 3 |  3.9
Invocations    | 3 |  3.6
Armour         | 2 |  2.5
Dodging        | 1 |  1.3
Fighting       | |  3.8
Shields        | |  0.8
Evocations     | |  0.1

Action                   |  1- 3 |  4- 6 || total
-------------------------+-------+-------++-------
Melee: Broad axe         |    96 |    85 ||   181
       Kick              |    11 |    21 ||    32
Invok: Depart the Abyss  |     1 |       ||     1
Evoke: Wand              |       |     4 ||     4
  Use: Scroll            |     6 |     2 ||     8
       Potion            |     4 |     2 ||     6
  Eat: Chunk             |     1 |     4 ||     5
Armor: Leather armour    |    14 |       ||    14
       Scale mail        |    60 |    73 ||   133
Dodge: Dodged            |    48 |    32 ||    80
Block: Buckler           |    17 |    25 ||    42
